 Dungeon Sprint DCSS version 0.31.0-9-g3a7656b989 (webtiles) character file.

Game seed: 13740858974518299358

91 Heoruswealwe the Poker (level 4, -9/44 HPs)
             Began as a Minotaur Fighter on Feb 3, 2024.
             Mangled by a gnoll sergeant
             ... wielding a +5 heavy spear
              (14 damage)
             ... in the Dungeon (Sprint IX: "|||||||||||||||||||||||||||||").
             The game lasted 00:00:45 (66 turns).

Heoruswealwe the Poker (Minotaur Fighter)             Turns: 66, Time: 00:00:46

Health: -9/44      AC:  7    Str: 23    XL:     4   Next: 33%
Magic:  3/3        EV:  9    Int:  5    God:
Gold:   0          SH:  4    Dex:  9    Spells: 3/3 levels left

rFire   . . .        a - +0 trident
rCold   . . .        d - +0 buckler
rNeg    . . .        c - +0 scale mail
rPois   .            (helmet restricted)
rElec   .            (no cloak)
rCorr   .            (no gloves)
SInv    .            (no boots)
Will    .....        (no amulet) Stlth
                     (no ring)
HPRegen 0.27/turn    (no ring)
MPRegen 0.08/turn

%: no teleportation
@: no status effects
A: horns 2, retaliatory headbutt
a: no special abilities


You were in the Dungeon.
You visited 1 branch

Inventory:

Hand Weapons
 a - a +0 trident (weapon)
Armour
 c - a +0 scale mail (worn)
 d - a +0 buckler (worn)
Scrolls
 j - a scroll of blinking
Potions
 b - a potion of might
 g - a potion of haste
 h - 2 potions of magic
 i - a potion of berserk rage


   Skills:
 + Level 6.3 Fighting
 * Level 7.6 Polearms
 + Level 6.3 Armour
 - Level 3.6 Shields


You had 3 spell levels left.
You didn't know any spells.
Your spell library was empty.

Dungeon Overview and Level Annotations

Branches:
Dungeon (1/1)

Altars:


Innate Abilities, Weirdness & Mutations

You have a pair of horns on your head.
You reflexively headbutt those who attack you in melee.


Message History

You start resting.
A gnoll sergeant opens the door.
It is wielding a +5 heavy spear.
You block the gnoll sergeant's attack. The gnoll sergeant blocks your attack.
You block the gnoll sergeant's attack. The gnoll sergeant blocks your attack.
You hit the gnoll sergeant but do no damage.
You headbutt the gnoll sergeant, but do no damage.
The gnoll sergeant hits you with a +5 heavy spear!
The quokka twitches its whiskers.
You hit the gnoll sergeant.
The gnoll sergeant is lightly wounded.
The gnoll sergeant hits you with a +5 heavy spear!
* * * LOW HITPOINT WARNING * * *
The gnoll sergeant blocks your attack.
The gnoll sergeant is lightly wounded.
You feel much better.
The gnoll sergeant hits you with a +5 heavy spear!
You hit the gnoll sergeant.
The gnoll sergeant is lightly wounded.
You barely miss the gnoll sergeant. You headbutt the gnoll sergeant.
The gnoll sergeant is heavily wounded.
The gnoll sergeant hits you with a +5 heavy spear.
You hit the gnoll sergeant but do no damage.
You headbutt the gnoll sergeant.
The gnoll sergeant is heavily wounded.
The gnoll sergeant barely misses you.
You barely miss the gnoll sergeant. The gnoll sergeant blocks your attack.
The gnoll sergeant is heavily wounded.
You barely miss the gnoll sergeant.
The gnoll sergeant is heavily wounded.
The gnoll sergeant hits you with a +5 heavy spear!
* * * LOW HITPOINT WARNING * * *
Okay, then.
The gnoll sergeant blocks your attack.
You headbutt the gnoll sergeant.
The gnoll sergeant is severely wounded.
You hit the gnoll sergeant but do no damage.
You headbutt the gnoll sergeant, but do no damage.
The gnoll sergeant is severely wounded.
The gnoll sergeant hits you with a +5 heavy spear!
You die...

▓+▓
▓.▓
▓.▓
▓.▓
▓r▓
▓B▓
▓g▓
▓@▓
▓.▓
▓.▓
▓.▓
▓)▓
▓†▓
▓.▓
▓.▓
▓.▓


You could see a gnoll sergeant, a bombardier beetle and a quokka.

Vanquished Creatures
  A scorpion (D)
  A sleepcap (D)
  An endoplasm (D)
  2 hobgoblins (D)
  A kobold (D)
  A quokka (D)
7 creatures vanquished.

Notes
Turn   | Place    | Note
-------+----------+-------------------------------------------
     0 | D        | Heoruswealwe the Minotaur Fighter began the quest for the
                  | Orb.
     0 | D        | Reached XP level 1. HP: 19/19 MP: 0/0
     8 | D        | Reached skill level 3 in Polearms
    17 | D        | Reached skill level 4 in Polearms
    22 | D        | Noticed a gnoll sergeant
    22 | D        | Noticed a bombardier beetle
    22 | D        | Noticed a scorpion
    22 | D        | Noticed a sleepcap
    29 | D        | Killed a sleepcap
    30 | D        | Reached skill level 5 in Fighting
    30 | D        | Reached skill level 5 in Polearms
    30 | D        | Reached skill level 5 in Armour
    30 | D        | Reached XP level 2. HP: 25/29 MP: 1/1
    30 | D        | Reached XP level 3. HP: 31/36 MP: 2/2
    41 | D        | Killed a scorpion
    42 | D        | Reached skill level 7 in Polearms
    42 | D        | Reached XP level 4. HP: 31/44 MP: 3/3
    66 | D        | Mangled by a gnoll sergeant

Illustrated notes

Levels and vault maps discovered:
D:        linesprint [early_d, line_temple, items_1, d_10, items_2, lair_1,
          lair_end, items_3, orc_1, orc_end, items_4, d_15, swamp_1, shoals_1,
          snake_1, spider_1, d_20, vaults_1, items_5, swamp_end, shoals_end,
          snake_end, spider_end, vaults_end, d_27, items_6, zot_1, zot_end,
          crypt_end, forest_end, elf_end, slime_end, tomb_end, abyss_end,
          pan_hell_end]

Skill      XL: |  1  2  3 |
---------------+----------+-----
Polearms       | 5 7 |  7.6
Fighting       | 5 6 |  6.3
Armour         | 5 6 |  6.3
Shields        | |  3.6

Action                     |  1- 3 |  4- 6 || total
---------------------------+-------+-------++-------
  Melee: Trident           |    30 |    12 ||    42
         Headbutt          |     2 |     5 ||     7
    Use: Potion            |     1 |     1 ||     2
 Armour: Scale mail        |    18 |     6 ||    24
  Dodge: Dodged            |     9 |     1 ||    10
  Block: Buckler           |     5 |     2 ||     7
